AoeStats
← 一剑扫秋风nelson

Lombardia

508835765Analyzed
4v4 RM · 8d ago on Sep 24, 2026· 65m 58s· 8 players
Game mode
Random Map
Map size
Large (8 player)
Population
200
Speed
Normal
Resources
Standard
Victory
Conquest
Starting age
Dark Age
Ending age
Imperial Age
RankedLock teamsTeams togetherTeam positionsShared explorationLock speedFull tech treeHidden civsTurbo modeCheats
Victory
Defeat
🇨🇳 Mapuche · China
1949
+4
🇨🇳 Saxons · China
1670
+13
1659
+13
🇹🇼 Mongols · Taiwan
1644
+13
🇪🇸 Hindustanis · Spain
1681
-13
🇩🇿 Inca · Algeria
1625
-11
🇩🇪 Persians · Germany
1590
-10
🇦🇷 Magyars · Argentina
1550
-9
鼠條
5:22 Loom
7:50 Feudal Age
8:55 Double-Bit Axe
10:41 Town Watch
14:07 Horse Collar
15:31 Wheelbarrow
16:08 Wheelbarrow
19:07 Castle Age
18:01 Bloodlines
19:08 Stone Mining
21:46 Fletching
21:58 Padded Archer Armor
22:01 Husbandry
22:43 Bow Saw
23:45 Stone Shaft Mining
24:59 Gold Mining
26:48 Town Patrol
27:17 Bodkin Arrow
27:38 Leather Archer Armor
35:13 Imperial Age
34:13 Ballistics
35:02 Hand Cart
36:13 Conscription
37:12 Chemistry
36:23 Bracer
37:39 Elite Mangudai
39:45 Siege Engineers
41:27 Drill
41:05 Capped Ram
41:59 Siege Ram
43:46 Coinage
44:35 Masonry
45:00 Fortified Wall
52:34 Parthian Tactics
52:15 Thumb Ring
54:22 Hoardings
56:10 Gold Shaft Mining
59:07 Caravan
59:45 Banking
摸鱼种田
10:59 Feudal Age
10:34 Loom
12:20 Double-Bit Axe
15:02 Castle Age
13:12 Horse Collar
16:43 Bow Saw
18:11 Heavy Plow
23:08 Gold Mining
24:17 Wheelbarrow
28:28 Imperial Age
25:43 Town Watch
26:53 Fortified Wall
26:24 Treadmill Crane
27:15 Stone Mining
27:43 Hand Cart
28:19 Fletching
29:00 Bodkin Arrow
30:10 Chemistry
31:39 Squires
31:25 Arson
31:41 Scale Mail Armor
31:51 Forging
31:41 Scale Mail Armor
32:03 Conscription
32:08 Shield Wall
33:05 Elite Varangian Guard
33:32 Gambesons
33:22 Pikeman
34:31 Halberdier
37:20 Chain Mail Armor
37:43 Iron Casting
39:39 Plate Mail Armor
40:28 Gold Shaft Mining
41:30 Crop Rotation
42:07 Two-Man Saw
42:30 Capped Ram
43:31 Siege Ram
44:25 Onager
47:26 Guard Tower
48:01 Ballistics
47:46 Siege Engineers
49:37 Keep
48:59 Murder Holes
49:14 Masonry
48:50 Arrowslits
54:50 Bracer
55:31 Architecture
一剑扫秋风nelson
8:48 Loom
10:48 Feudal Age
11:28 Double-Bit Axe
11:52 Horse Collar
17:40 Castle Age
16:13 Gold Mining
18:24 Heavy Plow
18:30 Fletching
19:31 Bodkin Arrow
22:02 Ballistics
26:28 Padded Archer Armor
27:41 Leather Archer Armor
28:51 Wheelbarrow
32:58 Town Watch
33:32 Hand Cart
36:06 Imperial Age
34:32 Malon
36:24 Elite Bolas Rider
38:11 Chemistry
37:43 Ring Archer Armor
38:40 Scale Mail Armor
38:51 Forging
38:03 Pikeman
38:54 Bow Saw
39:15 Crop Rotation
40:52 Coinage
42:07 Banking
42:47 Chain Mail Armor
43:08 Iron Casting
44:11 Butalmapu
44:27 Conscription
44:11 Halberdier
48:04 Caravan
49:10 Plate Mail Armor
49:40 Blast Furnace
51:21 Masonry
51:18 Siege Engineers
50:55 Treadmill Crane
52:16 Blast Furnace
54:33 Elite Skirmisher
trói em vào cột điện
11:01 Feudal Age
14:45 Castle Age
12:34 Double-Bit Axe
13:21 Horse Collar
13:40 Gold Mining
17:46 Bow Saw
21:54 Squires
24:22 Wheelbarrow
24:55 Arson
25:12 Scale Mail Armor
26:47 Chain Mail Armor
26:41 Loom
27:19 Forging
36:41 Imperial Age
35:32 Hand Cart
36:05 Caravan
36:48 Onager
38:26 Siege Onager
40:54 Conscription
40:01 Northmen's Fury
42:09 Siege Engineers
43:05 Chemistry
42:17 Masonry
41:29 Hamask
43:59 Hoardings
43:25 Stone Mining
44:11 Gold Shaft Mining
46:09 Elite Jomsviking
49:29 Plate Mail Armor
49:34 Iron Casting
48:50 Fletching
54:42 Bodkin Arrow
55:47 Blast Furnace
55:56 Bracer
56:24 Elite Varangian Guard
56:49 Gambesons
58:20 Town Watch
66:09 Scale Barding Armor
Pelopincho
7:05 Loom
9:09 Feudal Age
9:45 Horse Collar
9:55 Double-Bit Axe
9:51 Horse Collar
15:12 Scale Barding Armor
15:21 Forging
15:48 Scale Barding Armor
17:04 Wheelbarrow
17:03 Gold Mining
20:52 Castle Age
21:46 Bow Saw
21:37 Heavy Plow
22:20 Husbandry
22:44 Chain Barding Armor
22:59 Iron Casting
22:39 Bloodlines
23:39 Light Cavalry
27:33 Hand Cart
28:52 Gold Shaft Mining
36:45 Imperial Age
36:48 Heavy Camel Rider
36:49 Hussar
38:06 Plate Barding Armor
38:31 Blast Furnace
38:34 Two-Man Saw
38:38 Chemistry
37:49 Masonry
37:41 Caravan
40:04 Coinage
39:00 Imperial Camel Rider
40:10 Stone Mining
42:29 Banking
42:38 Stone Shaft Mining
44:16 Padded Archer Armor
44:39 Conscription
daumasson
8:43 Loom
10:41 Feudal Age
15:30 Castle Age
13:42 Double-Bit Axe
13:54 Horse Collar
16:15 Bow Saw
23:21 Wheelbarrow
23:15 Stone Mining
24:54 Hand Cart
25:52 Town Watch
26:22 Fletching
27:29 Bodkin Arrow
30:51 Imperial Age
28:25 Husbandry
28:31 Gold Mining
29:03 Bloodlines
31:20 Gold Shaft Mining
32:47 Scale Barding Armor
32:53 Forging
33:58 Chain Barding Armor
33:30 Cavalier
35:29 Iron Casting
35:50 Caravan
38:23 Blast Furnace
37:36 Heavy Plow
38:41 Coinage
38:03 Savar
40:01 Plate Barding Armor
40:59 Banking
40:40 Guilds
42:00 Heavy Scorpion
46:21 Murder Holes
46:52 Ballistics
56:17 Chemistry
hl.exe
5:39 Loom
8:13 Feudal Age
12:01 Wheelbarrow
12:32 Double-Bit Axe
15:54 Town Watch
19:50 Horse Collar
23:59 Castle Age
22:30 Scale Mail Armor
22:40 Forging
21:51 Champi Runner
24:06 Champi Warrior
24:46 Squires
25:03 Chain Mail Armor
25:23 Iron Casting
37:26 Bow Saw
38:36 Fletching
39:35 Bodkin Arrow
41:21 Heavy Plow
41:56 Fortified Wall
41:27 Treadmill Crane
42:04 Masonry
42:35 Hand Cart
44:08 Padded Archer Armor
45:15 Leather Archer Armor
47:50 Imperial Age
45:34 Guard Tower
45:35 Heated Shot
46:09 Ballistics
45:18 Crossbowman
47:06 Thumb Ring
48:37 Arbalester
49:23 Bracer
51:49 Crop Rotation
53:16 Chemistry
52:03 Elite Skirmisher
54:30 Ring Archer Armor
60:19 Blast Furnace
PocaChota
7:33 Loom
10:20 Feudal Age
11:11 Double-Bit Axe
12:00 Horse Collar
20:45 Castle Age
22:01 Bow Saw
21:55 Heavy Plow
21:46 Gold Mining
21:49 Stone Mining
24:27 Fervor
36:59 Wheelbarrow
37:56 Gold Mining
38:07 Treadmill Crane
41:49 Imperial Age
39:32 Fletching
39:55 Bloodlines
39:45 Husbandry
40:43 Hand Cart
40:41 Bodkin Arrow
41:07 Ballistics
41:34 Corvinian Army
42:11 Gold Shaft Mining
41:37 Padded Archer Armor
41:49 Masonry
42:26 Clinker Construction
42:25 Thumb Ring
43:14 Parthian Tactics
42:13 Heavy Cavalry Archer
43:20 Parthian Tactics
42:56 Bracer
42:58 Recurve Bow
43:19 Conscription
43:43 Caravan
43:29 Elite Magyar Huszar
46:42 Chemistry
50:11 Hoardings
50:58 Scale Barding Armor
51:09 Leather Archer Armor
53:43 Chain Barding Armor
53:54 Ring Archer Armor
57:43 Two-Man Saw
56:55 Clinker Construction
59:24 Murder Holes
61:20 Plate Barding Armor
Connection lost

Rejoining the realm…

Still unreachable

The connection could not be restored.

Session expired

The server has moved on; the page needs a fresh start.